 Dungeon Crawl Stone Soup version 0.30.1-9-gdf580d7c3d (webtiles) character file.

Game seed: 4619354282143469770

3156 SuperSeabass the Slicer (level 9, 0/48 HPs)
             Began as a Vine Stalker Hexslinger on Oct 18, 2023.
             Was an Elder of Zin.
             Slain by Amaemon
             ... wielding a -2 demon whip of venom
              (6 damage)
             ... on level 8 of the Dungeon.
             The game lasted 00:30:29 (7951 turns).

SuperSeabass the Slicer (Vine Stalker Hexslinger)   Turns: 7951, Time: 00:30:29

Health: 0/48       AC: 12    Str: 17    XL:     9   Next: 93%
Magic:  0/14       EV: 12    Int: 15    God:    Zin [****..]
Gold:   501        SH:  0    Dex: 19    Spells: 9/10 levels left

rFire   . . .        b - +0 dagger (elec)
rCold   . . .        (no shield)
rNeg    . . .        K - +0 steam dragon scales
rPois   ∞            G - +2 hat
rElec   .            (no cloak)
rCorr   +            (no gloves)
SInv    .            q - +0 pair of boots
Will    +....        (no amulet)
Stlth   +++          A - +4 ring of protection
HPRegen 1.08/turn    R - ring of resist corrosion
MPRegen 0.14/turn

%: guardian spirit
@: vitalised, on recite cooldown
A: fangs 3, regeneration 1, magic shield, antimagic bite, no potion heal 2
a: Renounce Religion, Recite, Vitalisation, Imprison, Donate Gold


You were on level 8 of the Dungeon.
You worshipped Zin.
Zin was greatly pleased with you.
You visited 2 branches of the dungeon, and saw 9 of its levels.

You collected 556 gold pieces.
You donated 55 gold pieces to Zin.

Inventory:

Hand Weapons
 a - a +1 sling
 b - a +0 dagger of electrocution (weapon)
 C - a +0 rapier
 H - a +0 dagger
Missiles
 e - 17 poisoned darts
 g - 75 stones
 B - 3 boomerangs of dispersal
 E - a throwing net
 I - 3 boomerangs
Armour
 c - a +0 robe
 n - a +0 leather armour
 q - a +0 pair of boots (worn)
 y - a +0 helmet
 G - a +2 hat (worn)
 K - +0 steam dragon scales (worn)
 O - a +0 leather armour of cold resistance
Jewellery
 A - a +4 ring of protection (left hand)
 N - a ring of positive energy
 R - a ring of resist corrosion (right hand)
Wands
 d - a wand of digging (1)
 f - a wand of flame (33)
 i - a wand of roots (8)
 m - a wand of mindburst (15)
 r - a wand of light (5)
 z - a wand of paralysis (1)
Scrolls
 j - a scroll of noise
 l - 2 scrolls of fear
 o - a scroll of immolation
 p - 2 scrolls of amnesia
 s - a scroll of magic mapping
 t - 3 scrolls of poison
 J - a scroll of brand weapon {unknown}
 M - a scroll of teleportation
Potions
 h - 8 potions of attraction
 k - 2 potions of curing
 u - a potion of ambrosia
 v - a potion of degeneration {unknown}
 w - a potion of haste {unknown}
 x - 4 potions of lignification {unknown}
 D - a potion of mutation {unknown}
 F - a potion of invisibility {unknown}
 L - a potion of brilliance {unknown}


   Skills:
 + Level 5.8 Fighting
 * Level 8.0 Short Blades
 - Level 2.0 Ranged Weapons
 + Level 2.0 Dodging
 - Level 6.0 Stealth
 - Level 1.1 Spellcasting
 - Level 3.3 Hexes
 + Level 5.9 Invocations


You had 9 spell levels left.
You knew the following spells:

 Your Spells              Type           Power      Damage    Failure   Level
s - Slow                  Hex            40%        N/A       6%          1

Your spell library contained the following spells:

 Spells                   Type           Power      Damage    Failure   Level
 Foxfire                  Conj/Fire      0%         2x1d4     24%         1
 Magic Dart               Conj           0%         1d3       24%         1
 Searing Ray              Conj           0%         2d4       36%         2
 Inner Flame              Hex/Fire       5%         N/A       36%         3
 Portal Projectile        Hex/Tloc       10%        N/A       36%         3
 Cause Fear               Hex            5%         N/A       52%         4
 Hailstorm                Conj/Ice       0%         3d3       58%         3
 Fulminant Prism          Conj/Hex       2%         3d5       77%         4
 Ice Form                 Ice/Tmut       0%         N/A       94%         4
 Fireball                 Conj/Fire      0%         3d3       100%        5
 Plasma Beam              Fire/Air       0%         2x1d11    100%        6
 Simulacrum               Ice/Necr       0%         N/A       100%        6
 Starburst                Conj/Fire      0%         6d3       100%        6


Dungeon Overview and Level Annotations

Branches:
Dungeon (8/15)             Temple (1/1) D:5            Lair (0/5) D:8

Altars:
Ashenzari
Cheibriados
Elyvilon
Fedhas
Gozag
Makhleb
Qazlal
Ru
Uskayaw
Vehumet
Zin

Annotations:
D:5 exclusion: wyvern
D:7 3 runed translucent doors, exclusions: 3 doors and gargoyle, Runia's ghost, novice MiGl
D:8 exclusion: bullfrog, Amaemon; Gastronok; Maggie; Maurice


Innate Abilities, Weirdness & Mutations

You have razor-sharp teeth.
Your natural rate of healing is unusually fast.
When hurt, damage is shared between your health and your magic reserves.
Your bite disrupts and absorbs the magic of your enemies.
Potions cannot restore your health.


Message History

* * * LOW HITPOINT WARNING * * *
Amaemon tail-slaps you but does no damage.
Okay, then.
Unknown command.
Okay, then.
Aiming: Fastroot
Press: ? - help, Shift-Dir - straight line The roots erupt in riotous growth!
Roots grab Amaemon.
The grasping roots constrict Amaemon.
The orange demon barely misses you.
Amaemon falters for a moment.
You hit Amaemon but do no damage.
Amaemon is severely wounded.
The grasping roots constrict Amaemon.
You hit Amaemon. You bite Amaemon, but do no damage.
Amaemon is severely wounded.
The grasping roots constrict Amaemon!
The orange demon stings you from afar!
* * * LOW HITPOINT WARNING * * *
Amaemon hits you with a -2 demon whip of venom!
* * * LOW HITPOINT WARNING * * *
Your divine stamina protects you from poison!
Amaemon claws you but does no damage. Amaemon tail-slaps you.
* * * LOW HITPOINT WARNING * * *
Your divine stamina protects you from poison!
You hit Amaemon but do no damage. Your bite misses Amaemon.
Amaemon is almost dead.
The grasping roots constrict Amaemon.
The roots release their grip on Amaemon.
The orange demon stings you but does no damage.
Amaemon hits you but does no damage. Amaemon closely misses you.
Amaemon tail-slaps you but does no damage.
Unknown command.
Amaemon misses you. Amaemon claws you but does no damage.
Amaemon tail-slaps you.
* * * LOW HITPOINT WARNING * * *
Amaemon hits you but does no damage.
Your divine stamina protects you from poison!
Amaemon claws you!
* * * LOW MAGIC WARNING * * *
You die...

####......## ##...#
.....# ##...# ♣#..##
####....# ♣..##
..##.......# ♣.##
.......<##..# ♣.#
### ######..###..#
+.#####.## #4.# #..#
♣........## #.6#
#..#
♣....###..######@.#
#..# ♣...##
##.........## ...
♣....##########....#
.......## ##......6.
........## #..#####.
##.......# #..#
##..#...## #.##
##......## #.# #
##..###.### #.#


You could see Amaemon (magic disrupted) and an orange demon.

Vanquished Creatures
  A hornet (D:8)
  Eustachio (D:6)
  A steam dragon (D:8)
  An acid dragon (D:7)
  4 water moccasins
  2 ice beasts
  An orc warrior (D:8)
  An ogre (D:6)
  2 centaurs (D:6)
  A phantom (D:6)
  2 bullfrogs
  2 scorpions
  8 wights
  A howler monkey (D:6)
  3 jellies
  3 orc priests
  6 hounds
  A gnoll bouda (D:4)
  Ijyb (D:5)
  3 iguanas
  5 orc wizards (D:7)
  Robin (D:3)
  6 gnolls (D:4)
  7 adders
  A white imp (D:6)
  A dart slug (D:5)
  14 orcs
  3 ball pythons
  2 endoplasms
  5 giant cockroaches
  13 goblins
  8 hobgoblins
  8 kobolds
  5 quokkas
  4 bats
  4 frilled lizards (D:1)
  4 rats
136 creatures vanquished.

Notes
Turn   | Place    | Note
-------+----------+-------------------------------------------
     0 | D:1      | SuperSeabass the Vine Stalker Hexslinger began the quest
                  | for the Orb.
     0 | D:1      | Reached XP level 1. HP: 9/9 MP: 3/3
    23 | D:1      | Reached skill level 1 in Fighting
   195 | D:1      | Reached skill level 1 in Stealth
   195 | D:1      | Reached XP level 2. HP: 8/14 MP: 4/4
   467 | D:1      | You fall into a shaft and drop 1 floor!
   586 | D:2      | Reached skill level 1 in Short Blades
   653 | D:1      | Reached XP level 3. HP: 18/18 MP: 5/5
  1355 | D:3      | Found a stormy altar of Qazlal.
  1480 | D:3      | Found a glowing silver altar of Zin.
  1486 | D:3      | Became a worshipper of Zin the Law-Giver
  1486 | D:3      | Reached * piety under Zin
  1508 | D:3      | Found an opulent altar of Gozag.
  1566 | D:3      | Noticed Robin
  1595 | D:4      | Gained mutation: Your natural rate of healing is unusually
                  | fast. [Vine Stalker growth]
  1595 | D:4      | Reached XP level 4. HP: 23/23 MP: 6/6
  1618 | D:3      | Found a faded altar of an unknown god.
  1826 | D:4      | Noticed a scorpion
  1844 | D:4      | Killed a scorpion
  1845 | D:4      | Reached skill level 2 in Short Blades
  1845 | D:4      | Reached skill level 1 in Invocations
  1845 | D:4      | Reached XP level 5. HP: 23/26 MP: 5/7
  2036 | D:4      | Found a white marble altar of Elyvilon.
  2054 | D:4      | Reached ** piety under Zin
  2145 | D:4      | Reached XP level 6. HP: 31/32 MP: 8/8
  2256 | D:4      | Reached skill level 3 in Short Blades
  2419 | D:4      | Found a snail-covered altar of Cheibriados.
  2422 | D:4      | Found a sacrificial altar of Ru.
  2888 | D:5      | Entered Level 5 of the Dungeon
  2888 | D:5      | Noticed Ijyb
  2929 | D:5      | Found a staircase to the Ecumenical Temple.
  2946 | Temple   | Entered the Ecumenical Temple
  2965 | Temple   | Reached XP level 7. HP: 18/35 MP: 5/9
  3063 | D:5      | Paralysed by Ijyb for 3 turns
  3108 | D:5      | Killed Ijyb
  3127 | D:5      | Reached skill level 4 in Short Blades
  3155 | D:5      | Noticed a wyvern
  3187 | D:5      | Reached *** piety under Zin
  3647 | D:5      | Found a broken altar of Ashenzari.
  3806 | D:5      | Found a hide-covered altar of Uskayaw.
  4448 | D:3      | Killed Robin
  4788 | D:6      | Gained mutation: You have razor-sharp teeth. [Vine Stalker
                  | growth]
  4788 | D:6      | Reached XP level 8. HP: 40/40 MP: 11/11
  4917 | D:6      | Reached skill level 5 in Stealth
  4968 | D:6      | Reached skill level 5 in Short Blades
  4982 | D:6      | Reached **** piety under Zin
  5045 | D:6      | Noticed Eustachio
  5182 | D:6      | Killed Eustachio
  5583 | D:6      | Reached skill level 6 in Short Blades
  6060 | D:7      | Reached XP level 9. HP: 46/46 MP: 13/13
  6418 | D:7      | Identified the +0 spear "Olakefovi" {pain, rElec rN+ Dex+2}
  6469 | D:7      | Found a runed translucent gate.
  6469 | D:7      | Found a runed translucent gate.
  6469 | D:7      | Found a runed translucent gate.
  6469 | D:7      | Noticed a gargoyle
  6660 | D:7      | Reached skill level 5 in Fighting
  6696 | D:7      | Reached skill level 5 in Invocations
  6982 | D:7      | Reached skill level 7 in Short Blades
  7147 | D:7      | Noticed Runia's ghost (novice MiGl)
  7196 | D:8      | Found a staircase to the Lair.
  7263 | D:8      | Noticed Gastronok
  7370 | D:8      | Found a radiant altar of Vehumet.
  7377 | D:8      | Found a blossoming altar of Fedhas.
  7431 | D:8      | Noticed Maurice
  7520 | D:8      | Found a burning altar of Makhleb.
  7521 | D:8      | Noticed a hornet
  7540 | D:8      | Killed a hornet
  7584 | D:8      | Reached skill level 8 in Short Blades
  7648 | D:8      | Noticed Maggie
  7921 | D:8      | Noticed Amaemon
  7942 | D:8      | Noticed an orange demon
  7951 | D:8      | Slain by Amaemon

Illustrated notes

Levels and vault maps discovered:
D:1:      heliophobic_arrival_enchanted_forest, layout_rooms, minivault_23
D:2:      layout_rooms
D:3:      layout_basic, pdpol_temple_overflow_zin_treasury_gozag_greed,
          mainiacjoe_overflow_brackets, ebering_ecumenical_altar_rust,
          uniq_robin
D:4:      layout_basic, nicolae_overflow_hidden_temple, serial_bayou,
          serial_bayou_lake_a, serial_bayou_lagoon_a, serial_bayou_pond_b,
          serial_bayou_pond_b
D:5:      layout_basic, mainiacjoe_overflow_catch_the_wave,
          minmay_temple_entry_hall, uniq_ijyb
D:6:      layout_layer_cave, serial_rivers, chequers_serial_rivers_small_a,
          chequers_serial_rivers_small_b, chequers_serial_rivers_micro_c,
          chequers_serial_rivers_marsh, chequers_serial_rivers_micro_b,
          uniq_eustachio
D:7:      layout_basic, gammafunk_ghost_nasty_kobolds
D:8:      layout_layer_cave, mainiacjoe_overflow_six_doors_small,
          lemuel_tele_altar, lemuel_round_altar, lair_entry_dummy,
          uniq_gastronok, uniq_maggie, uniq_amaemon, uniq_maurice
Temple:   nicolae_temple_superstar

Skill      XL: |  1  2  3  4  5  6  7  8  9 |
---------------+----------------------------+-----
Fighting       | 1 2 3 4 5 |  5.8
Ranged Weapons | 2 |  2.0
Stealth        | 1 2 3 4 6 |  6.0
Short Blades   | 1 2 3 4 6 8 |  8.0
Invocations    | 1 2 3 4 5 |  5.9
Dodging        | 2 |  2.0
Spellcasting   | |  1.1
Hexes          | |  3.3

Action                     |  1- 3 |  4- 6 |  7- 9 || total
---------------------------+-------+-------+-------++-------
  Melee: Short sword       |    24 |       |       ||    24
         Bite              |    12 |    40 |   172 ||   224
         Dagger            |    32 |   145 |   457 ||   634
         Punch             |       |       |     4 ||     4
   Fire: Sling             |    79 |    52 |    22 ||   153
   Cast: Slow              |     7 |     8 |     8 ||    23
 Invoke: Recite            |     1 |       |     6 ||     7
         Vitalisation      |       |       |     5 ||     5
  Evoke: Wand              |       |       |    20 ||    20
    Use: Scroll            |       |     5 |     7 ||    12
         Potion            |       |     1 |       ||     1
   Stab: Sleeping          |       |     1 |     7 ||     8
         Paralysed         |       |       |     6 ||     6
         Invisible         |       |       |     3 ||     3
 Armour: Robe              |    18 |    29 |       ||    47
         Leather armour    |       |     1 |   139 ||   140
         Steam dragon scal |       |       |    17 ||    17
  Dodge: Dodged            |    45 |    95 |   227 ||   367
